 Dungeon Crawl Stone Soup version 0.31-a0-881-ge136f0c47a (webtiles) character file.

Game seed: 17291581285585807329

1726309 Flugkiller the Ex Machina (level 26, 222/222 HPs)
             Began as a Formicid Warper on Oct 15, 2023.
             Was an Initiate of Gozag.
             Escaped with the Orb
             ... and 3 runes on Oct 16, 2023!
             The game lasted 01:35:01 (58806 turns).

Flugkiller the Ex Machina (Formicid Warper)        Turns: 58806, Time: 01:35:01

Health: 222/222    AC: 37    Str: 24    XL:     26   Next: 34%
Magic:  23/23      EV: 10    Int: 15    God:    Gozag
Gold:   2982       SH: 16    Dex: 14    Spells: 29/29 levels left

rFire   + + +        z - +3 Elemental Staff {ele, rElec rF+ rC+ AC+3}
rCold   + + +        L - +2 shield of Resistance {rF++ rC++ Will++}
rNeg    . . .        G - +6 gold dragon scales
rPois   +            (helmet unavailable)
rElec   +            s - +2 cloak {rPois}
rCorr   +            g - +2 pair of gloves {Dex+3}
SInv    +            A - +2 pair of boots {Fly}
Will    ++++.        Q - amulet of regeneration Stlth
                     c - +4 ring of slaying
HPRegen 1.37/turn    h - ring of resist corrosion
MPRegen 0.18/turn

%: no passive effects
@: flying, studying 5 skills, bribing [the Dungeon, the Realm of Zot]
A: permanent stasis, dig shafts and tunnels, antennae 3, four strong arms,
hooves 1, clumsy 1, deformed body, low MP 1, weak 1, inability to drink after
injury 1, noise suppression
0: Orb of Zot
}: 3/15 runes: decaying, slimy, gossamer
a: Dig, Shaft Self, Renounce Religion, Potion Petition, Call Merchant, Bribe
Branch


You escaped.
You worshipped Gozag.
Gozag was most pleased with you.
You visited 10 branches of the dungeon, and saw 51 of its levels.
You also visited: Trove, Gauntlet, Ice Cave and Volcano.

You collected 24400 gold pieces.
You spent 3024 gold pieces at shops.
You paid 18394 gold pieces to Gozag.

Inventory:

Hand Weapons
 z - the +3 Elemental Staff (weapon) {ele, rElec rF+ rC+ AC+3}
   (You bought it in a shop on level 2 of the Orcish Mines)

   AC+3:      It affects your AC (+3).
   rF+:       It protects you from fire.
   rC+:       It protects you from cold.
   rElec:     It insulates you from electricity.
Missiles
 f - a throwing net
 i - 6 darts of dispersal
 J - 15 curare-tipped darts
Armour
 g - a +2 pair of gloves of dexterity (worn)
   (You bought it in a shop on level 2 of the Orcish Mines)
 s - a +2 cloak of poison resistance (worn)
   (You found it on level 2 of the Swamp)
 A - a +2 pair of boots of flying (worn)
   (You found it in a Gauntlet)
 G - +6 gold dragon scales (worn)
   (You took it off Parghit on level 4 of the Realm of Zot)
 L - the +2 shield of Resistance (worn) {rF++ rC++ Will++}
   (You bought it in a shop on level 2 of the Orcish Mines)

   rF++:      It greatly protects you from fire.
   rC++:      It greatly protects you from cold.
   Will++:    It greatly increases your willpower.
Jewellery
 b - a +6 ring of dexterity
   (You found it on level 4 of the Depths)
 c - a +4 ring of slaying (left hand)
   (You found it on level 2 of the Lair of Beasts)
 h - a ring of resist corrosion (right hand)
   (You found it on level 3 of the Depths)
 j - a +4 ring of slaying
   (You found it on level 4 of the Dungeon)
 m - a ring of willpower
   (You found it on level 9 of the Dungeon)
 p - a +4 ring of protection
   (You found it on level 2 of the Lair of Beasts)
 u - the ring "Aphyt" {AC+4 Int+4}
   (You acquired it on level 11 of the Dungeon)

   [ring of protection]

   AC+4:      It affects your AC (+4).
   Int+4:     It affects your intelligence (+4).
 N - the ring "Yppeach" {rF+ Str+6 Stlth+}
   (You took it off a vampire on level 9 of the Dungeon)

   [ring of strength]

   Str+6:     It affects your strength (+6).
   rF+:       It protects you from fire.
   Stlth+:    It makes you more stealthy.
 Q - an amulet of regeneration (around neck)
   (You found it in a Gauntlet)
Wands
 k - a wand of digging (15)
   (You found it on level 15 of the Dungeon)
 v - a wand of polymorph (19)
   (You took it off Robin on level 4 of the Dungeon)
 I - a wand of mindburst (42)
   (You found it on level 7 of the Dungeon)
 K - a wand of flame (31)
   (You found it on level 1 of the Swamp)
 R - a wand of paralysis (54)
   (You found it in a Gauntlet)
 T - a wand of iceblast (24)
   (You found it in a Gauntlet)
 V - a wand of acid (13)
   (You found it on level 4 of the Swamp)
Scrolls
 a - 6 scrolls of vulnerability
 o - a scroll of summoning
 x - 5 scrolls of poison
 y - 4 scrolls of fear
 H - 6 scrolls of immolation
 O - 8 scrolls of fog
Potions
 d - 8 potions of might
 e - 6 potions of invisibility
 l - 6 potions of enlightenment
 n - 8 potions of resistance
 q - 8 potions of curing
 t - 12 potions of ambrosia
 w - 4 potions of heal wounds
 B - 4 potions of attraction
 D - a potion of lignification
 E - 8 potions of magic
 F - 3 potions of cancellation
Miscellaneous
 C - a phial of floods
   (You found it in a Gauntlet)
 S - a phantom mirror (quivered)
   (You found it in a Gauntlet)
 W - a lightning rod (4/4)
   (You found it in an ice cave)
 Y - a condenser vane
   (You found it in an ice cave)


   Skills:
 + Level 21.0 Fighting
 - Level 20.0 Polearms
 - Level 1.0 Throwing
 - Level 20.0 Armour
 + Level 13.7 Dodging
 - Level 18.0 Shields
 - Level 2.1 Spellcasting
 - Level 2.6 Translocations
 O Level 27 Evocations


You had 29 spell levels left.
You didn't know any spells.
Your spell library contained the following spells:

 Spells                   Type           Power      Damage    Failure   Level
 Apportation              Tloc           18%        N/A       86%         1
 Lesser Beckoning         Tloc           18%        N/A       94%         2
 Foxfire                  Conj/Fire      8%         2x1d4     99%         1
 Magic Dart               Conj           4%         1d3       99%         1
 Necrotise                Necr           4%         1d4       99%         1
 Sandblast                Erth           4%         2d4       99%         1
 Shock                    Conj/Air       8%         1d3       99%         1
 Sting                    Tmut/Pois      4%         1d3       99%         1
 Summon Small Mammal      Summ           4%         N/A       99%         1
 Momentum Strike          Conj/Tloc      10%        3d8       99%         2
 Gell's Gravitas          Tloc           9%         N/A       99%         3
 Teleport Other           Tloc           9%         N/A       99%         3
 Call Imp                 Summ           2%         N/A       100%        2
 Cigotuvi's Dreadful Rot  Necr/Pois/Air  4%         N/A       100%        2
 Ensorcelled Hibernation  Hex/Ice        4%         N/A       100%        2
 Jinxbite                 Hex            2%         N/A       100%        2
 Passwall                 Tmut/Erth      1%         N/A       100%        2
 Poisonous Vapours        Pois/Air       4%         N/A       100%        2
 Scorch                   Fire           4%         2d5       100%        2
 Static Discharge         Conj/Air       4%         2-3/arc   100%        2
 Sublimation of Blood     Necr           1%         N/A       100%        2
 Call Canine Familiar     Summ           1%         N/A       100%        3
 Dazzling Flash           Conj/Hex       2%         N/A       100%        3
 Frozen Ramparts          Ice            4%         1d1       100%        3
 Ignite Poison            Fire/Tmut/Pois 2%         N/A       100%        3
 Inner Flame              Hex/Fire       2%         N/A       100%        3
 Mephitic Cloud           Conj/Pois/Air  2%         N/A       100%        3
 Stone Arrow              Conj/Erth      4%         3d7       100%        3
 Summon Guardian Golem    Hex/Summ       1%         N/A       100%        3
 Tukima's Dance           Hex            1%         N/A       100%        3
 Vampiric Draining        Necr           1%         2d6       100%        3
 Volatile Blastmotes      Fire/Tloc      16%        2d11      100%        3
 Airstrike                Air            1%         2d(1-17)  100%        4
 Brom's Barrelling Bould  Conj/Erth      2%         2d3       100%        4
 Dimensional Bullseye     Hex/Tloc       2%         N/A       100%        4
 Flame Wave               Conj/Fire      2%         2d4       100%        4
 Iskenderun's Mystic Bla  Conj/Tloc      5%         2d3       100%        4
 Leda's Liquefaction      Hex/Erth       1%         N/A       100%        4
 Manifold Assault         Tloc           9%         N/A       100%        4
 Olgreb's Toxic Radiance  Pois           1%         N/A       100%        4
 Petrify                  Tmut/Erth      2%         N/A       100%        4
 Sticky Flame             Conj/Fire      2%         2d3       100%        4
 Summon Ice Beast         Ice/Summ       2%         N/A       100%        4
 Agony                    Necr           1%         N/A       100%        5
 Alistair's Intoxication  Tmut/Pois      0%         N/A       100%        5
 Arcjolt                  Conj/Air       1%         1d11      100%        5
 Fireball                 Conj/Fire      1%         3d3       100%        5
 Iskenderun's Battlesphe  Conj           1%         2d6       100%        5
 Lee's Rapid Deconstruct  Erth           1%         3d4*      100%        5
 Metabolic Englaciation   Hex/Ice        1%         N/A       100%        5
 Summon Forest            Summ/Tloc      2%         N/A       100%        5
 Summon Mana Viper        Hex/Summ       1%         N/A       100%        5
 Yara's Violent Unravell  Hex/Tmut       0%         3d3       100%        5
 Bombard                  Conj/Erth      1%         9d1       100%        6
 Death Channel            Necr           0%         N/A       100%        6
 Dispersal                Tloc           4%         N/A       100%        6
 Eringya's Noxious Bog    Tmut/Pois      0%         4d6       100%        6
 Plasma Beam              Fire/Air       1%         2x1d11    100%        6
 Starburst                Conj/Fire      1%         6d3       100%        6
 Summon Cactus Giant      Summ           0%         N/A       100%        6
 Enfeeble                 Hex            0%         N/A       100%        7
 Haunt                    Necr/Summ      0%         N/A       100%        7
 Malign Gateway           Summ/Tloc      2%         N/A       100%        7
 Monstrous Menagerie      Summ           0%         N/A       100%        7
 Ozocubu's Refrigeration  Ice            1%         4d7       100%        7
 Spellforged Servitor     Conj/Summ      0%         N/A       100%        7
 Summon Hydra             Summ           0%         N/A       100%        7
 Discord                  Hex            0%         N/A       100%        8
 Ignition                 Fire           1%         3d3       100%        8
 Infestation              Necr           0%         N/A       100%        8
 Lehudib's Crystal Spear  Conj/Erth      1%         10d2      100%        8
 Maxwell's Capacitive Co  Air            1%         ∞         100%        8
 Summon Horrible Things   Summ           0%         N/A       100%        8
 Chain Lightning          Conj/Air       1%         3d1       100%        9
 Death's Door             Necr           0%         N/A       100%        9
 Fire Storm               Conj/Fire      1%         7d1       100%        9
 Polar Vortex             Ice            1%         N/A       100%        9
 Shatter                  Erth           1%         3d5*      100%        9
 Blink                    Tloc           Unusable   N/A       N/A         2
 Swiftness                Air            Unusable   N/A       N/A         3
 Animate Dead             Necr           Unusable   N/A       N/A         4
 Vhi's Electric Charge    Tloc/Air       Unusable   N/A       N/A         4
 Simulacrum               Ice/Necr       Unusable   N/A       N/A         6

Dungeon Overview and Level Annotations

Branches:
Dungeon (15/15)            Temple (0/1) D:5            Lair (5/5) D:10
  Swamp (4/4) Lair:2       Spider (4/4) Lair:2        Slime (5/5) Lair:5
    Orc (2/2) D:11            Elf (3/3) Orc:2        Vaults (4/5) D:13
  Crypt (0/3) Vaults:2     Depths (4/4) D:15            Zot (5/5) Depths:4
  IceCv (visited)         Volcano (visited)         Gauntlet (visited)

Altars:
Cheibriados
Dithmenos
Elyvilon
Gozag
Hepliaklqana
Kikubaaqudgha
Vehumet
Yredelemnul
Jiyva
Lugonu

Shops:
D:8 (   D:9 (   D:12 (   D:15 (   Orc:1 *   Orc:2 *[=?((*   Elf:1 *   Elf:2 (
Vaults:1 [   Vaults:2 (   Zot:1 *   Depths:1 :=   Depths:4 !

Portals:
Hell: Depths:1 Depths:2 Depths:3 Depths:4
Abyss: D:5 Depths:1 Depths:3
Pandemonium: Depths:2 Depths:3
Ziggurat: Depths:3

Annotations:
D:5 2 runed translucent doors
D:7 1 exclusion
D:8 2 transporters
D:9 1 transporter
D:12 1 runed translucent door
Lair:3 1 runed translucent door, t4s4d4r's ghost, journeyman DEEE
Lair:5 exclusion: oklob plant
Elf:2 5 runed translucent doors
Depths:1 1 runed translucent door, Wobrohak's ghost, adept HOMo
Depths:2 2 transporters, exclusion: obsidian statue


Innate Abilities, Weirdness & Mutations

You cannot be hasted, slowed, berserked, paralysed or teleported.
You can dig through walls and to a lower floor.
You have a pair of large antennae on your head. (SInv)
Your four strong arms can wield two-handed weapons with a shield.
You have large cloven feet.
You are clumsy. (Dex -2)
Armour fits poorly on your strangely shaped body.
Your magical capacity is low. (-10% MP)
You are weak. (Str -2)
You occasionally lose the ability to drink potions when taking damage.
You passively dampen the noise of your surroundings.


Message History

Your demonspawn warmonger grins greedily, jangling a coin purse.
The reaper stares, then turns away, jangling a coin purse.
A demonspawn warmonger and a reaper come into view.
Your demonspawn warmonger is wielding a +5 demon whip of electrocution and wearing a +1 tower shield of protection.
The reaper is wielding a +3 scythe of protection.
The reaper moves out of view.
Unknown command.
Things that are here:
a +0 ring mail; a +0 battleaxe; a +0 arbalest
Things that are here:
a +0 leather armour; a +0 long sword; a +0 arbalest
There is a stone staircase leading up here.
You fly upwards.
Level annotation: 1 runed translucent door
There is a stone staircase leading down here.
You sense a monster nearby.
Unknown command.
Your orange demon grins greedily, jangling a coin purse.
An orange demon comes into view.
There is a stone staircase leading up here.
You fly upwards.
There is a stone staircase leading down here.
You swap places.
You see here a +0 whip.
There is a stone staircase leading up here.
You fly upwards.
There is a stone staircase leading down here.
You sense a monster nearby.
Unknown command.
A Hell Sentinel comes into view.
Your Hell Sentinel grins greedily, jangling a coin purse.
A ynoxinul comes into view.
There is a stone staircase leading up, spattered with blood here.
You fly upwards.
Level annotation: 1 transporter
There is a stone staircase leading down here.
There is a stone staircase leading up here.
You fly upwards.
Level annotation: 2 transporters
There is a stone staircase leading down here.
Items here: ( ))))).
You see here a +0 whip of pain.
There is a stone staircase leading up here.
You fly upwards.
Level annotation: 1 exclusion
There is a stone staircase leading down here.
The Orb Guardian stares, then turns away, jangling a coin purse.
An Orb Guardian comes into view.
There is a stone staircase leading up here.
You fly upwards.
There is a stone staircase leading down here.
There is an open door here.
There is an open door here.
There is a stone staircase leading up here.
You fly upwards.
Level annotation: 2 runed translucent doors
There is a stone staircase leading down here.
There is a stone staircase leading up here.
You fly upwards.
There is a stone staircase leading down here.
There is an open door here.
There is an open door here.
There is a stone staircase leading up here.
You fly upwards.
There is a stone staircase leading down here.
Your Brimstone Fiend grins greedily, jangling a coin purse.
A Brimstone Fiend comes into view.
No target in view!
No target in view!
No target in view!
You swap places.
No target in view!
You swap places.
The rakshasa stares, then turns away, jangling a coin purse.
A rakshasa and a dart slug come into view.
You thump the dart slug!
You kill the dart slug!
Unknown command.
You now have 2982 gold pieces (gained 6).
There is a stone staircase leading up here.
You fly upwards.
There is a stone staircase leading down here.
There is an open door here.
The Brimstone Fiend stares, then turns away, jangling a coin purse.
A Brimstone Fiend comes into view.
You sense a monster nearby.
Unknown command.
You see here 2 stones.
Unknown command.
There is a stone staircase leading up here.
You fly upwards.
There is a stone staircase leading down here.
You see here a +0 dagger.
There is an open door here.
You see here 3 stones.
There is an open door here.
You see here a stone.
There is a staircase leading out of the dungeon here.
Unknown command.
Enter note: gg You have escaped!

.##...##.#.###..###.##..#..#.###.
......................)......>##.
.###................#'#.#.##..##.
.# #............#####.###.#...##.
.# #...........### #.(.##.##..##.
.# #.###.#.#####.###.((##........
.# #.# #.#.# #...#.((.(#........
.###.# #.### #..(#(((((#.##..#..
.....# #.# #.@1'.(8(.#.##..#..
.###.###.######...#.((..#.##..#..
..............#...#(.(((#.##.....
..##.#...#######.###...##.##..#..
.....#...###########(..#......#..
..................###.##...#..#..
...............##.###+#..........
...#.#.#.###.####.#)..)..........
####.#.#.# #..# #................


You could see a friendly Brimstone Fiend.

Vanquished Creatures
  the Royal Jelly (Slime:5)
  2 juggernauts (Depths:3)
  A Killer Klown (Zot:4)
  A shard shrike (IceCv)
  Saint Roka (Orc:2)
  5 golden dragons
  A caustic shrike (Depths:3)
  Jory (Vaults:4)
  An Ice Fiend (Depths:3)
  4 tentacled monstrosities
  3 Orb Guardians
  3 liches
  2 deep elf blademasters (Elf:3)
  3 quicksilver dragons
  2 deep elf master archers (Elf:3)
  An eldritch tentacle (Elf:1)
  2 death cobs
  17 acid blobs
  4 sphinxes
  2 tengu reavers
  Kirke (Spider:3)
  A shadow dragon (Depths:3)
  Donald (Swamp:2)
  3 draconian monks
  2 storm dragons
  6 azure jellies
  A draconian knight (Zot:1)
  8 rockslimes
  2 frost giants (Depths:3)
  7 emperor scorpions
  Louise (Swamp:1)
  4 deep elf sorcerers
  8 fire giants
  6 ghost moths
  12 vault wardens
  2 balrugs (Depths:3)
  2 iron dragons
  6 deep elf elementalists (Elf:3)
  A draconian stormcaller (Zot:4)
  2 orc warlords
  2 draconian shifters
  3 reapers
  2 broodmothers (Spider:1)
  A draconian annihilator (Zot:3)
  4 formless jellyfish
  17 ironbound preservers
  9 quicksilver oozes
  9 very ugly things
  7 ironbound thunderhulks
  A war gargoyle (Vaults:3)
  2 green draconians
  6 stone giants
  2 vampire knights (Depths:3)
  11 deep elf annihilators (Elf:3)
  2 red draconians
  4 eleionomae
  The ghost of Coyxt the Martial Artist, a journeyman DsSh of Okawaru (Elf:2)
  6 bunyips
  4 white draconians
  2 yellow draconians
  3 deep elf demonologists (Elf:3)
  A black draconian (Zot:3)
  7 dire elephants
  6 spark wasps
  A minotaur (Gauntlet)
  A purple draconian (Zot:3)
  2 green deaths (Swamp:4)
  6 deep elf death magi
  5 crystal guardians
  A blizzard demon (Depths:3)
  11 ettins
  17 yaktaur captains
  Josephine (Swamp:1)
  3 deep elf high priests
  A shambling mangrove (Swamp:4)
  10 fire dragons
  2 jiangshi (Depths:4)
  5 ice dragons
  4 entropy weavers
  6 great orbs of eyes
  17 hydras
  10 vault guards
  5 spriggan air magi
  13 alligators
  2 rakshasas
  5 peacekeepers
  11 ironbound frosthearts
  2 jorogumos
  The ghost of Xenophilius the Slicer, a journeyman VSMo of Okawaru (Lair:2)
  2 ghost crabs
  3 catoblepae
  4 hell beasts
  7 two-headed ogres
  7 boulder beetles
  A death knight (D:15)
  9 death yaks
  A radroach (Spider:3)
  2 centaur warriors
  7 tengu warriors
  8 spriggan berserkers
  2 hell hogs
  7 deep troll shamans
  13 dancing weapons
  An orc high priest (Elf:3)
  A thrashing horror (Swamp:4)
  8 deep troll earth magi
  10 demonic crawlers
  A storm dragon zombie (Depths:2)
  2 vampire magi
  6 sun demons
  Urug (D:11)
  9 deep elf knights
  4 soul eaters
  11 hell knights
  A salamander mystic (Depths:3)
  A fire crab (Elf:1)
  A pharaoh ant (Spider:1)
  9 iron trolls
  3 skysharks
  A sixfirhy (Depths:3)
  2 sun moths
  2 spriggan druids
  5 glowing orange brains
  8 swamp dragons
  11 ironbound convokers
  12 orb spiders
  A shadow demon (Depths:3)
  57 deep trolls
  An obsidian statue (D:15)
  8 bog bodies
  A flayed ghost (Depths:3)
  15 deep elf archers
  2 orange crystal statues
  10 steelbarb worms
  4 orc knights
  11 wizards
  4 necromancers
  20 deep elf zephyrmancers
  22 lindwurms
  4 harpies (Vaults:2)
  10 orc sorcerers (Orc:2)
  32 deep elf pyromancers
  An oklob plant (Lair:4)
  4 salamanders
  19 wolf spiders
  63 ugly things
  3 shining eyes (Slime:5)
  3 cyclopes
  12 elephants
  A salamander (shapeshifter) (Depths:3)
  2 manticores
  4 will-o-the-wisps
  5 black mambas
  A rust devil (Zot:1)
  10 moths of wrath
  2 ice statues (Elf:1)
  3 molten gargoyles
  3 torpor snails
  A guardian serpent (Lair:5)
  11 vault sentinels
  5 gargoyles
  A hellion (Depths:3)
  17 cane toads
  2 smoke demons
  A torpor snail (shapeshifter) (D:14)
  An orange demon (Swamp:4)
  2 freezing wraiths (D:15)
  An unseen horror (D:11)
  53 yaktaurs
  21 rime drakes
  2 kobold demonologists
  8 komodo dragons
  An efreet (Depths:3)
  A golden dragon simulacrum (Depths:2)
  5 tengu conjurers
  An anaconda simulacrum (Elf:1)
  5 trolls
  19 polar bears
  18 tyrant leeches
  19 hornets
  15 tarantellas
  12 blink frogs
  A polar bear (shapeshifter) (D:14)
  5 dream sheep (Lair:5)
  57 slime creatures
  35 jumping spiders
  9 culicivoras
  5 shadows
  2 large abominations (Swamp:4)
  10 spriggans
  3 vampires
  An air elemental (Elf:1)
  9 fire elementals
  4 water elementals
  A ynoxinul (Zot:5)
  Eustachio (D:5)
  10 wyverns
  A wyvern (shapeshifter) (D:13)
  41 yaks
  12 wraiths
  9 basilisks
  7 golden eyes (Slime:5)
  2 hogs (Spider:3)
  A yak (shapeshifter) (Depths:2)
  55 redbacks
  A steam dragon (D:9)
  Menkaure (D:5)
  5 wargs
  5 acid dragons
  31 vampire mosquitoes
  14 swamp worms
  A neqoxec (D:15)
  2 spatial vortices (Elf:1)
  5 hell hounds (Volcano)
  A small abomination (Swamp:4)
  Duvessa (D:4)
  A floating eye (Depths:3)
  33 water moccasins
  A glowing shapeshifter skeleton (Depths:2)
  A sky beast (D:7)
  5 black bears
  A black bear (shapeshifter) (Elf:3)
  20 orc warriors
  4 ice beasts
  8 boggarts
  2 fire dragon simulacra (Elf:1)
  5 ogres
  16 wolves
  8 centaurs
  A phantom (D:4)
  4 kobold brigands
  14 bullfrogs
  4 scorpions
  A gnoll sergeant (D:7)
  3 earth elementals (Elf:1)
  3 wights (D:9)
  Dowan (D:4)
  18 killer bees
  An elephant simulacrum (Elf:1)
  5 howler monkeys
  A lava snake (Elf:1)
  3 electric eels
  6 hounds
  15 orc priests
  4 jellies
  Crazy Yiuf (D:5)
  A sleepcap (D:5)
  2 iguanas
  Terence (D:3)
  40 orc wizards
  3 troll simulacra (Elf:1)
  Robin (D:4)
  9 gnolls
  A naga simulacrum (Elf:1)
  6 adders
  3 shadow imps (Gauntlet)
  A white imp (D:6)
  2 worms (D:5)
  3 dart slugs
  92 orcs
  4 bats
  11 endoplasms
  2 giant cockroaches
  11 goblins
  6 hobgoblins
  5 jackals
  5 quokkas
  6 ball pythons
  3 frilled lizards (D:2)
  26 kobolds
  5 rats
1917 creatures vanquished.

Vanquished Creatures (collateral kills)
  Parghit (Zot:4)
  An electric golem (Zot:5)
  8 Orb Guardians (Zot:5)
  3 storm dragons (Zot:5)
  A shadow dragon (Zot:5)
  A rockslime (Slime:2)
  The ghost of t4s4d4r the Eclecticist, an adept DEEE of Vehumet (Swamp:2)
  A ghost moth (Zot:5)
  A quicksilver ooze (Slime:5)
  2 formless jellyfish (Slime:2)
  A fire dragon (Depths:3)
  A rakshasa (Zot:5)
  A shadow demon (Zot:5)
  A wolf spider (Lair:5)
  A moth of wrath (Zot:5)
  An orange demon (Zot:5)
  A hellion (Zot:4)
  A cane toad (Lair:5)
  An ice devil (Zot:5)
  A wyvern (Lair:5)
  A chaos spawn (Zot:4)
  A water moccasin (Lair:5)
32 creatures vanquished.

Vanquished Creatures (others)
  An electric golem (Zot:5)
  5 Orb Guardians (Zot:5)
  A death cob (Zot:5)
  A fire giant (Depths:3)
  A storm dragon (Zot:5)
  A war gargoyle (Vaults:4)
  A red draconian (Depths:4)
  A white draconian (Zot:5)
  2 deep elf knights
  A deep elf pyromancer (D:12)
  2 deep elf zephyrmancers (Elf:2)
  A bloated husk (Swamp:2)
  A fire elemental (Elf:1)
  2 humans (Spider:3)
  A swamp worm (Swamp:3)
  An orc warrior (Orc:2)
  An adder (D:4)
  A butterfly (D:7)
  28 foxfires
53 creatures vanquished.

Grand Total: 2002 creatures vanquished

Notes
Turn   | Place    | Note
-------+----------+-------------------------------------------
     0 | D:1      | Flugkiller the Formicid Warper began the quest for the Orb.
     0 | D:1      | Reached XP level 1. HP: 16/16 MP: 3/3
   240 | D:1      | Reached XP level 2. HP: 14/22 MP: 5/5
  1161 | D:2      | Reached XP level 3. HP: 27/27 MP: 6/6
  1216 | D:2      | You fall into a shaft and drop 1 floor!
  1984 | D:2      | Reached XP level 4. HP: 33/33 MP: 7/7
  2564 | D:3      | Noticed Terence
  2868 | D:3      | Reached XP level 5. HP: 41/41 MP: 8/8
  2977 | D:3      | Found an opulent altar of Gozag.
  2992 | D:3      | Killed Terence
  3001 | D:3      | Became a worshipper of Gozag Ym Sagoz the Greedy
  3378 | D:4      | Noticed Dowan
  3615 | D:4      | Noticed a phantom
  3642 | D:4      | Killed a phantom
  3643 | D:4      | Reached skill level 5 in Polearms
  3643 | D:4      | Reached XP level 6. HP: 25/47 MP: 9/9
  3876 | D:4      | Noticed Robin
  3907 | D:4      | Killed Robin
  4142 | D:4      | Noticed Duvessa
  4207 | D:4      | Killed Duvessa
  4208 | D:4      | Reached XP level 7. HP: 21/52 MP: 10/10
  4222 | D:4      | Killed Dowan
  4882 | D:5      | Entered Level 5 of the Dungeon
  4971 | D:5      | Noticed a water moccasin
  4975 | D:5      | Killed a water moccasin
  5145 | D:5      | Reached XP level 8. HP: 58/58 MP: 11/11
  5147 | D:5      | Found a shadowy altar of Dithmenos.
  5261 | D:5      | Noticed Menkaure
  5269 | D:5      | Killed Menkaure
  5439 | D:5      | Reached skill level 5 in Fighting
  5491 | D:5      | Found a staircase to the Ecumenical Temple.
  5491 | D:5      | Noticed Eustachio
  5515 | D:5      | Killed Eustachio
  5516 | D:5      | Reached skill level 1 in Evocations
  5598 | D:5      | Found a runed translucent door.
  5599 | D:5      | Noticed Crazy Yiuf
  5734 | D:5      | Found a one-way gate to the infinite horrors of the Abyss.
  5780 | D:5      | Found a large runed translucent door.
  5780 | D:5      | Found a large runed translucent door.
  5985 | D:5      | Found a corrupted altar of Lugonu.
  6192 | D:5      | Killed Crazy Yiuf
  6193 | D:5      | Reached skill level 2 in Evocations
  6352 | D:6      | Reached skill level 5 in Armour
  6352 | D:6      | Reached XP level 9. HP: 56/68 MP: 12/12
  6512 | D:6      | Reached skill level 3 in Evocations
  7239 | D:7      | Reached skill level 4 in Evocations
  7514 | D:7      | Found a white marble altar of Elyvilon.
  7628 | D:7      | Reached skill level 10 in Polearms
  7628 | D:7      | Reached XP level 10. HP: 43/79 MP: 13/13
  8055 | D:7      | Identified the +2 robe of Qosaiv {-Cast rN+ Regen+ SInv}
  8111 | D:7      | Noticed a gargoyle
  8119 | D:7      | Killed a gargoyle
  8291 | D:7      | Noticed a gargoyle
  8298 | D:7      | Killed a gargoyle
  8391 | D:7      | Reached skill level 5 in Evocations
  9648 | D:8      | Reached skill level 6 in Evocations
  9717 | D:8      | Found a transporter.
  9740 | D:8      | Found a basalt altar of Yredelemnul.
  9744 | D:8      | Found Piewkosch's Antique Weapon Shop.
  9791 | D:8      | Found a transporter.
  9891 | D:9      | Found a transporter.
  9891 | D:9      | Found a transporter.
  9927 | D:9      | Found Vuuclac's Antique Weapon Emporium.
  9943 | D:9      | Noticed a two-headed ogre
  9967 | D:9      | Killed a two-headed ogre
  9968 | D:9      | Reached skill level 7 in Evocations
  9996 | D:9      | Reached XP level 11. HP: 63/89 MP: 14/14
 10202 | D:9      | Noticed a two-headed ogre
 10205 | D:9      | Reached skill level 8 in Evocations
 10213 | D:9      | Killed a two-headed ogre
 10534 | D:9      | Noticed a deep elf pyromancer
 10550 | D:9      | Killed a deep elf pyromancer
 11036 | D:9      | Identified the +4 war axe of the Forest {elec, Fly rN+
                  | rCorr Stlth-}
 11329 | D:9      | Identified the ring "Yppeach" {rF+ Str+6 Stlth+}
 11331 | D:9      | Reached skill level 10 in Fighting
 11617 | D:9      | Noticed a deep elf pyromancer
 11762 | D:9      | Noticed a two-headed ogre
 11777 | D:9      | Killed a deep elf pyromancer
 12013 | D:9      | Found a radiant altar of Vehumet.
 12021 | D:9      | Found a radiant altar of Vehumet.
 12022 | D:9      | Found a basalt altar of Yredelemnul.
 12022 | D:9      | Found a hazy altar of Hepliaklqana.
 12046 | D:9      | Killed a two-headed ogre
 12046 | D:9      | Noticed a two-headed ogre
 12266 | D:9      | Killed a two-headed ogre
 12267 | D:9      | Reached XP level 12. HP: 39/99 MP: 15/15
 12440 | D:9      | Identified the -1 cloak "Ubli" {rF++ Stlth+}
 12678 | D:10     | Entered Level 10 of the Dungeon
 12678 | D:10     | Found a staircase to the Lair.
 13802 | D:10     | Identified the +1 flail "Grim Tooth" {heavy, rF- Will+
                  | rCorr Dex+4}
 13821 | D:10     | Reached skill level 10 in Armour
 13879 | D:10     | Noticed a two-headed ogre
 13925 | D:10     | Killed a two-headed ogre
 14619 | D:11     | Found a staircase to the Orcish Mines.
 14652 | D:11     | Noticed a two-headed ogre
 14662 | D:11     | Killed a two-headed ogre
 14825 | D:11     | Noticed Urug
 14839 | D:11     | Killed Urug
 15816 | D:11     | Identified 2 scrolls of acquirement
 15816 | D:11     | Acquired the ring "Aphyt" {AC+4 Int+4}
 15818 | D:11     | Acquired a +3 glaive of freezing
 15910 | Lair:1   | Entered Level 1 of the Lair of Beasts
 16570 | Lair:1   | Reached XP level 13. HP: 103/108 MP: 16/16
 17849 | Lair:2   | Found a transporter.
 17849 | Lair:2   | Found a transporter.
 17853 | Lair:2   | Noticed a seven-headed hydra
 18298 | Lair:2   | Found a hole to the Spider Nest.
 18307 | Lair:2   | Noticed an eight-headed hydra
 18333 | Lair:2   | Killed a nine-headed hydra
 18334 | Lair:2   | Reached skill level 5 in Dodging
 18581 | Lair:2   | Found a staircase to the Swamp.
 18716 | Lair:2   | Noticed Xenophilius's ghost (journeyman VSMo)
 18747 | Lair:2   | Noticed an eight-headed hydra
 19100 | Lair:3   | Identified the +3 eveningstar of the Dark Horse {venom,
                  | *Corrode rF+ Dex+5}
 19128 | Lair:3   | Found a runed translucent door.
 19129 | Lair:3   | Noticed t4s4d4r's ghost (journeyman DEEE)
 19785 | Lair:3   | Reached skill level 15 in Polearms
 20086 | Lair:4   | Reached XP level 14. HP: 108/115 MP: 17/17
 20293 | Lair:4   | Found a dark tunnel.
 20344 | Volcano  | Entered a volcano
 21342 | Lair:4   | Found a snail-covered altar of Cheibriados.
 21565 | Lair:5   | Entered Level 5 of the Lair of Beasts
 22082 | Lair:5   | Found a runed translucent door.
 22834 | Lair:5   | Reached XP level 15. HP: 120/120 MP: 18/18
 22848 | Lair:5   | HP: 1/120 [skyshark (60)]
 23999 | Lair:5   | Found a viscous altar of Jiyva.
 23999 | Lair:5   | Found a staircase to the Slime Pits.
 24626 | Orc:1    | Entered Level 1 of the Orcish Mines
 24905 | Orc:2    | Entered Level 2 of the Orcish Mines
 25087 | Orc:2    | Found Wuizusche's Weapon Shoppe.
 25120 | Orc:2    | Found Vezugoji's General Store.
 25378 | Orc:2    | Found Zablynil's Magic Scroll Shoppe.
 25378 | Orc:2    | Found Ivutuux's Antique Weapon Boutique.
 25528 | Orc:2    | Found a staircase to the Elven Halls.
 25645 | Orc:2    | Noticed Saint Roka
 25672 | Orc:2    | Killed Saint Roka
 26098 | Orc:2    | Bought a pair of glowing gloves for 150 gold pieces
 26105 | Orc:2    | Bought the +3 Elemental Staff {ele, rElec rF+ rC+ AC+3} for
                  | 1142 gold pieces
 26105 | Orc:2    | Found the +3 Elemental Staff {ele, rElec rF+ rC+ AC+3}
 26107 | Orc:2    | Bought the +2 shield of Resistance {rF++ rC++ Will++} for
                  | 846 gold pieces
 26107 | Orc:2    | Found the +2 shield of Resistance {rF++ rC++ Will++}
 26197 | D:12     | Found Voila's Antique Weapon Shoppe.
 26210 | D:12     | Found a runed translucent door.
 26261 | D:12     | Reached skill level 1 in Shields
 26833 | D:12     | Got an antique book
 26987 | D:13     | Reached skill level 9 in Evocations
 27440 | D:13     | Reached XP level 16. HP: 107/127 MP: 19/19
 27496 | D:13     | Found a gate to the Vaults.
 27720 | D:14     | Reached skill level 10 in Evocations
 27941 | D:14     | Reached skill level 5 in Shields
 28290 | D:15     | Entered Level 15 of the Dungeon
 28402 | D:15     | Found Ipru's Antique Weapon Shop.
 28451 | D:15     | Reached skill level 11 in Evocations
 28645 | D:15     | Found a gate leading to a gauntlet.
 28652 | Gauntlet | Entered a Gauntlet
 28652 | Gauntlet | Found a transporter.
 28665 | Gauntlet | Found a transporter.
 28680 | Gauntlet | Found a transporter.
 28685 | Gauntlet | Found a transporter.
 28704 | Gauntlet | Found a transporter.
 28719 | Gauntlet | Found a transporter.
 28731 | Gauntlet | Found a transporter.
 28753 | Gauntlet | Found a transporter.
 28762 | Gauntlet | Found a transporter.
 28774 | Gauntlet | Found a transporter.
 28798 | Gauntlet | Found a transporter.
 28816 | Gauntlet | Found a transporter.
 28818 | Gauntlet | Found a transporter.
 28844 | Gauntlet | Found a transporter.
 28846 | Gauntlet | Found a transporter.
 28866 | Gauntlet | Found a transporter.
 28944 | Gauntlet | Found a transporter.
 28976 | Gauntlet | Found a transporter.
 29371 | Gauntlet | Identified the +3 swamp dragon scales of Fun {rElec rPois
                  | Regen+ Int-2 Dex-4}
 29392 | Gauntlet | Reached skill level 12 in Evocations
 29436 | Gauntlet | Got a shiny book
 29584 | D:15     | Found a staircase to the Depths.
 30325 | D:11     | Reached skill level 13 in Evocations
 30344 | D:11     | Identified the ring "Veepsaad" {Fly rCorr}
 30486 | Lair:2   | Killed Xenophilius's ghost
 30673 | Swamp:1  | Entered Level 1 of the Swamp
 30731 | Swamp:1  | Noticed Louise
 30760 | Swamp:1  | Reached skill level 14 in Evocations
 30796 | Swamp:1  | Killed Louise
 30929 | Swamp:1  | Reached XP level 17. HP: 127/133 MP: 20/20
 31152 | Swamp:1  | Noticed Josephine
 31171 | Swamp:1  | Killed Josephine
 31893 | Swamp:2  | Noticed t4s4d4r's ghost (adept DEEE)
 31926 | Swamp:2  | Found a transporter.
 32136 | Swamp:2  | Found a transporter.
 32176 | Swamp:2  | Noticed Donald
 32185 | Swamp:2  | Killed Donald
 32368 | Swamp:2  | Killed t4s4d4r's ghost
 32890 | Swamp:2  | Identified the +0 helmet "Uppem" {rC+ Will+ SInv}
 32913 | Swamp:2  | Identified the staff "Iwno" {rF+ Int+2 Fire}
 32964 | Swamp:3  | Identified the +10 dagger of Kiosiwi {venom, rF+ Int+6
                  | SInv}
 33020 | Swamp:3  | Reached skill level 15 in Evocations
 33436 | Swamp:4  | Entered Level 4 of the Swamp
 33657 | Swamp:4  | Found a frozen archway.
 33680 | IceCv    | Entered an ice cave
 33701 | IceCv    | Reached XP level 18. HP: 143/143 MP: 21/21
 34187 | IceCv    | Reached skill level 16 in Evocations
 34201 | IceCv    | Reached skill level 10 in Shields
 34230 | IceCv    | Noticed a shard shrike
 34280 | IceCv    | Killed a shard shrike
 35133 | Swamp:4  | Reached skill level 17 in Evocations
 35133 | Swamp:4  | Identified the ring of Eguveh {rF+++ rC- rN+ Will+++ Str-3}
 35166 | Swamp:4  | Got a decaying rune of Zot
 35349 | Spider:1 | Entered Level 1 of the Spider Nest
 35492 | Spider:1 | Reached XP level 19. HP: 149/152 MP: 22/22
 35775 | Spider:1 | Reached skill level 18 in Evocations
 36891 | Spider:3 | Reached skill level 19 in Evocations
 37520 | Spider:3 | Noticed Kirke
 37545 | Spider:3 | Killed Kirke
 37679 | Spider:4 | Entered Level 4 of the Spider Nest
 37857 | Spider:4 | Reached skill level 20 in Evocations
 38431 | Spider:4 | Reached XP level 20. HP: 99/160 MP: 0/23
 38486 | Spider:4 | Got a gossamer rune of Zot
 39060 | Spider:4 | Acquired a manual of Shields
 39263 | Elf:1    | Entered Level 1 of the Elven Halls
 39739 | Elf:1    | Found Piaromm's Assorted Antiques.
 39944 | Elf:1    | Reached skill level 15 in Fighting
 40005 | Elf:1    | Got a decrepit book
 40266 | Elf:1    | Got a quavering book
 40467 | Elf:1    | Got an uncut book
 40720 | Elf:1    | Got a ragged book
 40793 | Elf:2    | Found Vunguzuo's Weapon Shoppe.
 41046 | Elf:2    | Found a large runed translucent door.
 41046 | Elf:2    | Found a large runed translucent door.
 41047 | Elf:2    | Noticed Coyxt's ghost (journeyman DsSh)
 41179 | Elf:2    | Found a huge runed translucent gate.
 41179 | Elf:2    | Found a huge runed translucent gate.
 41179 | Elf:2    | Found a huge runed translucent gate.
 41179 | Elf:2    | Found a huge runed translucent gate.
 41182 | Elf:2    | Found a huge runed translucent gate.
 41364 | Elf:2    | Killed Coyxt's ghost
 41370 | Elf:2    | Got a peculiar book
 41491 | Elf:3    | Entered Level 3 of the Elven Halls
 41772 | Elf:3    | Reached skill level 21 in Evocations
 42041 | Elf:3    | Reached XP level 21. HP: 90/170 MP: 24/24
 42192 | Elf:3    | Reached skill level 15 in Armour
 42192 | Elf:3    | Reached skill level 15 in Shields
 42323 | Elf:3    | Identified the +7 battleaxe of the Hurting Wolf {venom, rF-
                  | Will+ Dex+2}
 42458 | Elf:3    | Identified the +4 robe of the Devil {rPois Slay+2}
 42465 | Elf:3    | Identified the amulet of Kusutrof {Reflect Fragile Will++
                  | rCorr Int-5 SH+5}
 42645 | Elf:3    | Got a leatherbound book
 42649 | Elf:3    | Identified the +2 chain mail "Ujash" {rPois rC+++ Str-2
                  | Stlth-}
 42655 | Elf:3    | Identified the +6 shortbow of Subterfuge {heavy, Str+4
                  | Stlth+}
 42667 | Elf:3    | Got an illuminated book
 42688 | Elf:3    | Got a strange book
 43195 | Orc:1    | Found Cuzacsudie's General Store.
 43229 | Orc:1    | Bought a potion of resistance for 180 gold pieces
 43229 | Orc:1    | Bought a wand of iceblast (2) for 86 gold pieces
 43229 | Orc:1    | Bought a wand of paralysis (8) for 345 gold pieces
 43449 | Vaults:1 | Entered Level 1 of the Vaults
 44248 | Vaults:1 | Found Ahidewn's Armour Shoppe.
 44679 | Vaults:2 | Reached skill level 22 in Evocations
 45265 | Vaults:2 | Found a staircase to the Crypt.
 45265 | Vaults:2 | Found a basalt altar of Yredelemnul.
 45265 | Vaults:2 | Found an ancient bone altar of Kikubaaqudgha.
 45385 | Vaults:2 | Reached XP level 22. HP: 178/178 MP: 25/25
 45647 | Vaults:2 | Found Gelit's Weapon Boutique.
 46410 | Vaults:3 | Reached skill level 23 in Evocations
 47226 | Vaults:3 | Reached skill level 24 in Evocations
 47577 | Vaults:4 | Noticed Jory
 47592 | Vaults:4 | Killed Jory
 47662 | Vaults:4 | Reached XP level 23. HP: 111/184 MP: 26/26
 47905 | Vaults:4 | Found a portal to a secret trove of treasure.
 48021 | Vaults:4 | Reached skill level 25 in Evocations
 49100 | Depths:1 | Entered Level 1 of the Depths
 49143 | Depths:1 | Reached skill level 26 in Evocations
 49299 | Depths:1 | Found Wocres's Jewellery Shoppe.
 49428 | Depths:1 | Found a runed translucent door.
 49518 | Depths:1 | Found a gateway to Hell.
 49682 | Depths:1 | Acquired a +1 bardiche of protection
 49816 | Depths:1 | Found Noniecew's Book Shoppe.
 50009 | Depths:1 | Noticed Wobrohak's ghost (adept HOMo)
 50471 | Depths:2 | Reached skill level 27 in Evocations
 50495 | Depths:2 | Reached XP level 24. HP: 115/191 MP: 26/26
 50604 | Depths:2 | Found a transporter.
 50607 | Depths:2 | Noticed a juggernaut
 50655 | Depths:2 | Found a transporter.
 50727 | Depths:2 | Found a one-way gate leading to the halls of Pandemonium.
 50891 | Depths:2 | Identified the +7 demon whip of Pubb {pain, Str-4 Int+4
                  | Stlth+}
 51052 | Depths:2 | Identified the +0 leather armour of Bokhagi {rCorr Dex+3
                  | SInv}
 51187 | Depths:3 | Found an opulent altar of Gozag.
 51324 | Depths:3 | Found an opulent altar of Gozag.
 51355 | Depths:3 | Found a one-way gateway to a ziggurat.
 51735 | Depths:3 | Noticed a caustic shrike
 51739 | Depths:3 | Noticed a juggernaut
 51753 | Depths:3 | Killed a caustic shrike
 51776 | Depths:3 | Killed a juggernaut
 51904 | Depths:3 | Noticed a juggernaut
 51995 | Depths:3 | Killed a juggernaut
 52071 | Depths:3 | Identified the ring of Gyarph {Ice Fly Dex+2 Stlth-}
 52617 | Depths:3 | Found an opulent altar of Gozag.
 52628 | Depths:3 | Found an opulent altar of Gozag.
 52794 | Depths:4 | Entered Level 4 of the Depths
 52999 | Depths:4 | Found Muusiv's Distillery.
 53135 | Depths:4 | Reached XP level 25. HP: 172/205 MP: 22/26
 53171 | Depths:4 | Bought a potion of heal wounds for 95 gold pieces
 53183 | Depths:3 | Identified the staff "Ekkuizyt" {rPois rC- rN+ Will+ Str+2
                  | Poison}
 53537 | Depths:4 | Found a gate to the Realm of Zot.
 54126 | Slime:1  | Entered Level 1 of the Pits of Slime
 54543 | Slime:5  | Entered Level 5 of the Pits of Slime
 54558 | Slime:5  | Gained mutation: You are frail. (-10% HP) [a shining eye]
 54681 | Slime:5  | Gained mutation: Your magical capacity is low. (-10% MP) [a
                  | shining eye]
 54779 | Slime:5  | Noticed the Royal Jelly
 54800 | Slime:5  | Killed the Royal Jelly
 55105 | Slime:5  | Gained mutation: You occasionally lose the ability to read
                  | scrolls when taking damage. [a shining eye]
 55107 | Slime:5  | Gained mutation: Armour fits poorly on your strangely
                  | shaped body. [a shining eye]
 55139 | Slime:5  | Got a slimy rune of Zot
 55586 | Zot:1    | Entered Level 1 of the Realm of Zot
 55590 | Depths:4 | Lost mutation: You occasionally lose the ability to read
                  | scrolls when taking damage. [potion of mutation]
 55590 | Depths:4 | Lost mutation: You are frail. (-10% HP) [potion of
                  | mutation]
 55590 | Depths:4 | Gained mutation: You are weak. (Str -2) [potion of
                  | mutation]
 55590 | Depths:4 | Gained mutation: Your flesh is cold resistant. (rC+)
                  | [potion of mutation]
 55590 | Depths:4 | Gained mutation: You are frail. (-10% HP) [potion of
                  | mutation]
 55591 | Depths:4 | Lost mutation: Your flesh is cold resistant. (rC+) [potion
                  | of mutation]
 55591 | Depths:4 | Lost mutation: You are frail. (-10% HP) [potion of
                  | mutation]
 55591 | Depths:4 | Gained mutation: You occasionally lose the ability to drink
                  | potions when taking damage. [potion of mutation]
 55591 | Depths:4 | Gained mutation: You are clumsy. (Dex -2) [potion of
                  | mutation]
 55591 | Depths:4 | Gained mutation: You have large cloven feet. [potion of
                  | mutation]
 55591 | Depths:4 | Gained mutation: You passively dampen the noise of your
                  | surroundings. [potion of mutation]
 55612 | Zot:1    | Bought a scroll of enchant armour for 180 gold pieces
 56261 | Vaults:4 | You paid a toll of +3 fire dragon scales to enter a
                  | treasure trove
 56262 | Trove    | Identified Sif Muna's Meditations on the Tincture and
                  | Left-Handed Rites (Sif Muna gifted it to you in a treasure
                  | trove)
 56262 | Trove    | Identified Sif Muna's Exposition on the Band and Haze (Sif
                  | Muna gifted it to you in a treasure trove)
 56262 | Trove    | Identified Sif Muna's Almanac of the Damaging Pyre (Sif
                  | Muna gifted it to you in a treasure trove)
 56262 | Trove    | Entered a treasure trove
 56606 | Zot:1    | Noticed a curse toe
 56606 | Zot:1    | Noticed a curse toe
 57002 | Zot:3    | Reached skill level 10 in Dodging
 57307 | Zot:4    | Noticed a Killer Klown
 57321 | Zot:4    | Killed a Killer Klown
 57542 | Zot:4    | Noticed Parghit
 57609 | Zot:4    | Killed Parghit
 57717 | Zot:4    | Reached XP level 26. HP: 191/219 MP: 0/23
 57839 | Zot:5    | Entered Level 5 of the Realm of Zot
 57878 | Zot:5    | Noticed an orb of fire
 57939 | Zot:5    | Noticed an ancient lich
 57940 | Zot:5    | Noticed a dread lich
 57941 | Zot:5    | Noticed a dread lich
 57945 | Zot:5    | Noticed a Killer Klown
 57945 | Zot:5    | Noticed a Killer Klown
 57945 | Zot:5    | Noticed an orb of fire
 57952 | Zot:5    | Noticed an orb of fire
 57977 | Zot:5    | Got the Orb of Zot
 58805 | D:1      | gg
 58806 | D:$      | Escaped with the Orb!

Illustrated notes

.##...##.#.###..###.##..#..#.###.
......................)......>##.
.###................#'#.#.##..##.
.# #............#####.###.#...##.
.# #...........### #.(.##.##..##.
.# #.###.#.#####.###.((##........
.# #.# #.#.# #...#.((.(#........
.###.# #.### #..(#(((((#.##..#..
.....# #.# #.@1'.(8(.#.##..#..
.###.###.######...#.((..#.##..#..
..............#...#(.(((#.##.....
..##.#...#######.###...##.##..#..
.....#...###########(..#......#..
..................###.##...#..#..
...............##.###+#..........
...#.#.#.###.####.#)..)..........
####.#.#.# #..# #................


Turn 58805 on D:1: gg

Levels and vault maps discovered:
D:1:      minmay_arrival_shattered_statue, layout_basic
D:2:      layout_basic
D:3:      layout_basic, mainiacjoe_overflow_paths, grunt_ministairs_9,
          hex_intersection, uniq_terence
D:4:      layout_loops_corners, uniq_duvessa, uniq_robin
D:5:      due_chaos_kobolds, layout_basic, general_overflow_altar,
          temple_statues, grunt_decor_mini_mirrors, uniq_menkaure,
          uniq_eustachio, uniq_crazy_yiuf_cottage
D:6:      layout_gridville, serial_rivers, chequers_serial_rivers_small_a,
          chequers_serial_rivers_small_b, chequers_serial_rivers_large_a,
          chequers_serial_rivers_small_b
D:7:      cheibrodos_statue_roulette, layout_rooms,
          nicolae_elyvilon_peaceful_grove
D:8:      gammafunk_jiyva_shrine, layout_loops_cross, lemuel_doored_altar,
          serial_shops, nicolae_shop_dealshenge, serial_bayou_crossing
D:9:      minmay_the_grid_octo_tiled_squarecenter
          [minmay_the_grid_octo_vomiting_pacman, minmay_the_grid_octo_shrine,
          minmay_the_grid_octo_clover_2, minmay_the_grid_octo_chip,
          minmay_the_grid_square_5x5_megaprize_checkered,
          minmay_the_grid_square_5x5_fancy_junction,
          minmay_the_grid_square_5x5_almost_minimal,
          minmay_the_grid_square_5x5_intrusive_squares,
          minmay_the_grid_square_5x5_corner], layout_cave_pools, serial_shops,
          shop, nicolae_diode_stairs
D:10:     layout_basic, minmay_lair_entry_grove, amethyst_killhole
D:11:     layout_loops_ring, hiddenorc1_lemuel, minmay_lindwurm_lava, uniq_urug
D:12:     layout_small_grid, serial_shops, shop, nicolae_danse_macabre
D:13:     layout_rooms, david_vaults_4, chequers_decorated_corner
D:14:     layout_gridville
D:15:     grunt_enter_depths_hoard, layout_gridville, minivault_11,
          gauntlet_entry_generic, serial_shops, shop, minmay_statue_bubble
Lair:1:   layout_hall_layers, serial_bayou_shore_a, grunt_megastairs_5
Lair:2:   layout_loops_ring, minmay_swamp_entry_swarm, spider_nest_entry_webs,
          nzn_ghost_randoct, lemuel_old_faithful
Lair:3:   layout_layer_cave, gammafunk_ghost_grave
Lair:4:   layout_roguey, enter_volcano_1, lemuel_oklob_altar
Lair:5:   hangedman_lair_tendril_chambers, layout_small_grid, slime_entry_2,
          chequers_serial_rivers_marsh
Swamp:1:  layout_basic_swamp, serial_swamp_ruin, evilmike_swamp_ruin_house_6,
          evilmike_swamp_ruin_house_2, evilmike_swamp_ruin_house_1,
          uniq_josephine, uniq_louise
Swamp:2:  layout_falls_marsh, gammafunk_ghost_berserking_beasts,
          evilmike_swamp_ruin_house_5, swamp_pool3, uniq_donald
Swamp:3:  layout_basic_swamp, evilmike_swamp_ruin_house_4, swamp_pool1,
          nicolae_swamp_well_well_well
Swamp:4:  swamp_vile, layout_basic_swamp, portal_ice_cave_entry_ugly_swarm
Spider:1: layout_spider_delve
Spider:2: layout_spider_delve
Spider:3: layout_spider_delve, uniq_kirke
Spider:4: spider_rune_water, hangedman_spider_mandibles, nicolae_spider_orb_run
Slime:1:  layout_caves
Slime:2:  layout_caves
Slime:3:  layout_caves
Slime:4:  layout_caves
Slime:5:  slime_pit_nicolae_amoeboid
Orc:1:    layout_caves, serial_shops, nicolae_shop_crystal
Orc:2:    st_orc_town, layout_caves, uniq_saint_roka
Elf:1:    layout_geoelf_diagonals, serial_shops, nicolae_shop_window_shopping,
          serial_hangedman_research, hangedman_research_geology,
          hangedman_research_thermodynamics, hangedman_research_pyrotechnics,
          hangedman_research_quantum, hangedman_elf_disciples,
          minmay_misc_feat_five
Elf:2:    elven_hall_of_blades_hangedman_alternative
          [nooodl_blade_entry_preview], layout_geoelf_octagon,
          ebering_ghost_disaster_area, serial_shops, shop, uniq_nikola,
          uniq_aizul
Elf:3:    elf_hall, layout_geoelf_castle
Vaults:1: hangedman_vaults_capsules, nicolae_vaults_closet_pinwheel_3,
          nicolae_vaults_angled_halls, nicolae_vaults_taking_the_gang_shopping,
          grunt_vaults_hallway_short, nicolae_vaults_trapezoid_lopsided_3,
          layout_vaults_omnigrid
Vaults:2: nicolae_vaults_alarming, nicolae_vaults_trapezoid_lopsided_3,
          nicolae_vaults_two_Ls, nicolae_vaults_twisting_passages,
          vaults_dpeg_spiral, ontoclasm_vaults_eye,
          minmay_crypt_entry_necro_gods, grunt_vaults_funnel,
          nicolae_vaults_closet_pinwheel_4, nicolae_vaults_asterisk,
          hangedman_vaults_hat, layout_vaults_omnicross, serial_shops, shop
Vaults:3: v_misc_9, ontoclasm_vaults_ring_large, nicolae_vaults_quartermaster,
          nicolae_vaults_offset_grid_hallway_1, v_misc_12,
          nicolae_vaults_what_the_h, nicolae_vaults_frosty_reception,
          vaults_room_grunt_arrival_ludios, grunt_vaults_focal,
          nicolae_vaults_storage_room_glass, vaults_room_corners,
          ontoclasm_vaults_loading_screen, layout_vaults_ring
Vaults:4: nicolae_vaults_weapon_check, nicolae_vaults_tetromino_T_1,
          hangedman_vaults_locks, dpeg_vaults_monster_row,
          ontoclasm_vaults_ring_large, v_misc_23,
          nicolae_vaults_trapezoid_lopsided_1, vaults_dpeg_hooks, v_misc_16,
          nicolae_vaults_wine_cellar, nicolae_vaults_little_squares_4,
          v_misc_26, vaults_dpeg_encased_lava, hangedman_vaults_cutoff,
          layout_vaults_maze_bifur, enter_trove_0, uniq_jory
Depths:1: layout_gridlike, abyss_entry, serial_sigils_hangedman_snap,
          hell_entry, serial_shops, shop, shop, gammafunk_ghost_grave,
          nrook_pool_corridor, hangedman_decor_growths,
          chequers_serial_rivers_micro_d, dpeg_stationary_puzzle,
          serial_bayou_shore_b
Depths:2: gammafunk_sealed_arena, layout_cave_shapes, hellmouth_1,
          nicolae_sextant, pan_entry, infiniplex_staircase_star
Depths:3: evilmike_lava_path, layout_gridlike, enter_ziggurat_e,
          hangedman_abyss_entry_splay, rand_demon_pan_entry_7,
          nicolae_gozag_conspicuous_consumption, pf_dread_powers_of_hell,
          minmay_staircase_windowed_large, firewood_loft
Depths:4: grunt_zot_entry_bicorn, layout_cave_shapes, grunt_mini_vestibule,
          serial_shops, shop, chequers_serial_rivers_micro_a
Zot:1:    gammafunk_mikee_crab_dinner, layout_gridlike, grunt_megastairs_1
Zot:2:    dreamdust_zin_vs_xom, layout_misc_corridors, st_single_dragon_hoard_1,
          grunt_ministairs_2, st_large_dragon_hoard_4
Zot:3:    layout_concentric_octagons
Zot:4:    layout_basic, uniq_parghit
Zot:5:    layout_gridlike, grunt_ministairs_2

Skill      XL: |  1  2  3  4  5  6  7  8  9 10 11 12 13 14 15 16 17 18 19 20 21 22 23 24 25 26 |
---------------+-------------------------------------------------------------------------------+-----
Polearms       | 3 4 5 7 8 10 11 12 15 18 20 | 20.0
Fighting       | 3 5 7 9 10 12 13 14 15 16 18 20 21 | 21.0
Armour         | 2 5 7 9 11 12 13 14 16 18 20 | 20.0
Evocations     | 2 4 7 8 9 14 15 17 20 21 22 24 27 | 27.0
Dodging        | 5 6 7 11 13 | 13.7
Shields        | 4 7 9 11 14 15 18 | 18.0
Throwing       | |  1.0
Spellcasting   | |  2.1
Translocations | |  2.6

Action                     |  1- 3 |  4- 6 |  7- 9 | 10-12 | 13-15 | 16-18 | 19-21 | 22-24 | 25-27 || total
---------------------------+-------+-------+-------+-------+-------+-------+-------+-------+-------++-------
  Melee: Spear             |   133 |    13 |       |       |       |       |       |       |       ||   146
         Punch             |     2 |     2 |     2 |     7 |     3 |       |       |       |       ||    16
         Halberd           |       |   189 |   207 |   653 |       |       |       |       |       ||  1049
         War axe           |       |       |       |    16 |       |       |       |       |       ||    16
         Glaive            |       |       |       |    35 |   861 |       |       |       |       ||   896
         Staff             |       |       |       |       |   173 |  1427 |  1612 |  1846 |   817 ||  5875
  Throw: Dart              |       |     3 |       |    10 |       |       |       |       |       ||    13
         Throwing net      |       |       |       |       |       |       |       |       |     1 ||     1
 Invoke: Potion Petition   |       |       |       |     2 |     2 |       |     2 |     3 |     2 ||    11
         Call Merchant     |       |       |       |       |     3 |       |       |       |     1 ||     4
         Bribe Branch      |       |       |       |       |       |       |       |       |     4 ||     4
Ability: Dig               |       |     1 |       |       |     1 |     1 |       |       |     1 ||     4
  Evoke: Wand              |       |       |       |    32 |    11 |     3 |     7 |     6 |    24 ||    83
         Phial of floods   |       |       |       |       |       |     1 |     1 |       |       ||     2
         Phantom mirror    |       |       |       |       |       |     1 |     1 |     1 |     2 ||     5
         Condenser vane    |       |       |       |       |       |     1 |     2 |     1 |     2 ||     6
         Lightning rod     |       |       |       |       |       |       |     5 |       |     2 ||     7
    Use: Scroll            |     4 |     1 |     3 |    17 |    11 |     7 |     4 |     2 |    10 ||    59
         Potion            |     3 |       |       |     4 |     6 |     5 |     5 |       |     4 ||    27
   Stab: Paralysed         |       |       |       |     4 |       |       |       |     7 |    47 ||    58
         Distracted        |       |       |       |       |     7 |    12 |    10 |     7 |     2 ||    38
         Invisible         |       |       |       |       |     2 |       |       |     1 |       ||     3
         Petrified         |       |       |       |       |       |     4 |       |       |       ||     4
 Armour: Plate armour      |    91 |   168 |    72 |       |   128 |   186 |       |       |       ||   645
         Chain mail        |       |       |   108 |   725 |   607 |       |       |       |       ||  1440
         Quicksilver drago |       |       |       |       |       |   657 |       |       |       ||   657
         Skin              |       |       |       |       |       |    23 |       |       |       ||    23
         Crystal plate arm |       |       |       |       |       |   235 |  1210 |  1301 |   525 ||  3271
         Gold dragon scale |       |       |       |       |       |       |       |       |    92 ||    92
  Dodge: Dodged            |    34 |    52 |    56 |   323 |   353 |   457 |   297 |   375 |   147 ||  2094
  Block: Kite shield       |       |       |       |       |    74 |   829 |   919 |  1139 |   416 ||  3377

Table legend: (Time is in decaauts)
 A = Elapsed time spent in this place.
 B = Non-inter-level travel time spent in this place.
 C = Inter-level travel time spent in this place.
 D = Time resting spent in this place.
 E = Time spent auto-exploring this place.
 F = Levels seen in this place.
 G = Mean time per level.
                   A        B        C        D        E       F      G
               +--------+--------+--------+--------+--------+-----+--------+
         Total |  56916 |  52459 |   4457 |  11850 |  25264 |  55 | 1034.8 |
       Dungeon |  20543 |  18660 |   1883 |   5333 |   9182 |  15 | 1369.5 |
          Lair |   8582 |   7980 |    602 |   2577 |   3746 |   5 | 1716.4 |
         Swamp |   3632 |   3467 |    165 |    797 |   1529 |   4 |  908.0 |
   Spider Nest |   3530 |   3385 |    145 |    357 |   1939 |   4 |  882.5 |
    Slime Pits |   1059 |   1006 |     53 |    223 |    149 |   5 |  211.8 |
  Orcish Mines |   1819 |   1551 |    268 |    188 |    911 |   2 |  909.5 |
   Elven Halls |   3830 |   3532 |    298 |    324 |   2036 |   3 | 1276.7 |
        Vaults |   5292 |   4920 |    372 |    443 |   2980 |   4 | 1323.0 |
        Depths |   4915 |   4360 |    555 |    538 |   2059 |   4 | 1228.8 |
           Zot |   1491 |   1378 |    113 |    574 |      0 |   5 |  298.2 |
         Trove |     64 |     64 |      0 |      0 |      0 |   1 |   64.0 |
      Ice Cave |    727 |    727 |      0 |      0 |    319 |   1 |  727.0 |
       Volcano |    599 |    599 |      0 |    335 |     73 |   1 |  599.0 |
      Gauntlet |    826 |    826 |      0 |    160 |    341 |   1 |  826.0 |
               +--------+--------+--------+--------+--------+-----+--------+

Top non-repeatable levels by time:
     D:9: 2851 daAuts
  Lair:5: 2322 daAuts
  Lair:1: 2019 daAuts
     D:8: 1830 daAuts
Depths:3: 1767 daAuts
   Elf:3: 1688 daAuts
    D:11: 1634 daAuts
  Lair:4: 1541 daAuts
  Lair:2: 1524 daAuts
Vaults:3: 1475 daAuts
     D:4: 1460 daAuts
     D:7: 1447 daAuts
Vaults:2: 1427 daAuts
 Swamp:2: 1423 daAuts
     D:5: 1415 daAuts
